 Dungeon Crawl Stone Soup version 0.28-a0-1616-g050a50673c (webtiles) character file.

Game seed: 2286439196056549182

184884 GordonOverkill the Warrior (level 19, -2/152 HPs)
             Began as a Djinni Ice Elementalist on Jan 21, 2022.
             Was an Elder of Ashenzari.
             Killed from afar by a salamander tyrant (29 damage)
             ... on level 4 of the Snake Pit on Jan 22, 2022.
             The game lasted 02:30:53 (63651 turns).

GordonOverkill the Warrior (DjIE)                  Turns: 63651, Time: 02:30:53

Health: -2/152     AC:  9    Str:  7    XL:     19   Next: 12%
Gold:   696        EV: 15    Int: 32    God:    Ashenzari [****..] SH: 27 Dex: 13

rFire   + + .      SeeInvis +   M - +1 whip of the Bound Seer {elec, Cun, Self} (curse)
rCold   + . .      Faith    .   g - +1 tower shield "Esoteric Sorrow" {rPois, Fort, Cun} (curse)
rNeg    . . .      Spirit   .   G - +2 robe of Ashenzari's Anxiety {rC+, Fort, Melee} (curse)
rPois   ∞          Reflect  +   L - +2 helmet {Int+3}
rElec   .          Harm     .   (no cloak)
rCorr   .          Rampage  .   (no gloves)
Will    ++...      Clarity  +   (boots unavailable)
Stlth   +++.......              F - amulet of Ashenzari's Vexation {Reflect SH+5, Melee, Evo} (curse)
HPRegen 0.35/turn               T - ring "Pangnostic Fetters" {rC+ Int+3 Slay+3, Evo, Fort} (curse)
MPRegen 0.00/turn               l - ring of Apeoromancy {Will+, Evo, Melee} (curse)

@: weakened, flying
A: sickness immunity, fire resistance 2, cold vulnerability 1, float, innate
caster, hp casting, extra vitality 1
a: Renounce Religion, Shatter the Chains


You were on level 4 of the Snake Pit.
You worshipped Ashenzari.
Ashenzari was greatly pleased with you.
You visited 5 branches of the dungeon, and saw 28 of its levels.

You collected 3123 gold pieces.
You spent 2427 gold pieces at shops.

Inventory:

Hand Weapons
 a - a +2 morningstar of holy wrath
 M - the cursed +1 whip of the Bound Seer (weapon) {elec, Cun, Self}
   (You took it off an orc on level 10 of the Dungeon)

   It occasionally discharges a powerful burst of electricity upon striking a
   foe.
   It has a curse which improves the following skills: Cunning: Dodging and
   Stealth.
   Introspection: Fighting and Spellcasting.
Missiles
 o - 27 poisoned darts
 y - 2 throwing nets
Armour
 g - the cursed +1 tower shield "Esoteric Sorrow" (worn) {rPois, Fort, Cun}
   (You took it off a naga warrior on level 2 of the Snake Pit)

   It has a curse which improves the following skills: Fortitude: Armour and
   Shields.
   Cunning:   Dodging and Stealth.
 G - the cursed +2 robe of Ashenzari's Anxiety (worn) {rC+, Fort, Melee}
   (You took it off Psyche on level 8 of the Dungeon)

   It has a curse which improves the following skills: Fortitude: Armour and
   Shields.
   Melee Combat: Short Blades, Long Blades, Axes, Maces & Flails, Polearms,
   Staves and Unarmed Combat.
 K - a +2 ring mail of positive energy
 L - a +2 helmet of intelligence (worn)
 X - a +0 kite shield
Jewellery
 j - a ring of resist corrosion
 l - the cursed ring of Apeoromancy (right hand) {Will+, Evo, Melee}
   (You found it on level 2 of the Dungeon)

   [ring of willpower]

   Will:      It increases your willpower.
   It has a curse which improves the following skills: Evocations: Evocations.
   Melee Combat: Short Blades, Long Blades, Axes, Maces & Flails, Polearms,
   Staves and Unarmed Combat.
 s - a +4 ring of protection
 D - a ring of wizardry
 F - the cursed amulet of Ashenzari's Vexation (around neck) {Reflect SH+5, Melee, Evo}
   (You bought it in a shop on level 1 of the Dungeon)

   [amulet of reflection]

   It reflects blocked missile attacks.
   SH:        It affects your SH (+5).
   It has a curse which improves the following skills: Melee Combat: Short
   Blades, Long Blades, Axes, Maces & Flails, Polearms, Staves and Unarmed
   Combat.
   Evocations: Evocations.
 S - a ring of positive energy
 T - the cursed ring "Pangnostic Fetters" (left hand) {rC+ Int+3 Slay+3, Evo, Fort}
   (You bought it in a shop on level 11 of the Dungeon)

   [ring of protection from cold]

   Int:       It affects your intelligence (+3).
   Slay:      It affects your accuracy & damage with ranged weapons and melee
   (+3).
   rC:        It protects you from cold.
   It has a curse which improves the following skills: Evocations: Evocations.
   Fortitude: Armour and Shields.
Wands
 u - a wand of iceblast (7)
 w - a wand of flame (5)
 I - a wand of digging (3)
 N - a wand of charming (4)
 O - a wand of paralysis (4)
 R - a wand of mindburst (10)
 V - a wand of polymorph (3)
Scrolls
 b - 2 scrolls of holy word
 c - 2 scrolls of magic mapping
 d - 5 scrolls of vulnerability
 f - 4 scrolls of immolation
 h - 4 scrolls of enchant weapon
 i - 3 scrolls of silence
 n - 5 scrolls of fog
 t - a scroll of enchant armour
 x - 2 scrolls of brand weapon
 P - 5 scrolls of teleportation
 Q - 2 scrolls of acquirement
Potions
 e - 2 potions of degeneration
 k - 3 potions of haste
 m - 8 potions of brilliance
 p - 6 potions of curing
 q - 4 potions of might
 r - 2 potions of resistance
 v - a potion of heal wounds
 z - 2 potions of lignification
 A - 3 potions of mutation
 B - 2 potions of magic
 C - 5 potions of flight
 U - a potion of cancellation
 W - a potion of ambrosia
Miscellaneous
 E - a lightning rod (4/4)
 H - a condenser vane
 J - a lightning rod (4/4)


   Skills:
 + Level 16.8(18.6) Fighting
 - Level 11.6(15.4) Maces & Flails
 - Level 2.0 Throwing
 - Level 11.6(15.4) Armour
 - Level 7.4(10.5) Dodging
 - Level 2.1(4.3) Stealth
 - Level 16.2(20.0) Shields
 - Level 10.1(12.0) Spellcasting
 - Level 7.7(11.6) Evocations


You couldn't memorise any spells.
You knew the following spells:

 Your Spells              Type           Power      Damage    Failure   Level
a - Freeze                Ice            100%       1d11      1%          1
b - Frozen Ramparts       Ice            100%       1d12      1%          3
c - Ozocubu's Armour      Ice            77%        N/A       1%          3
d - Hailstorm             Conj/Ice       77%        3d16      1%          4
e - Apportation           Tloc           100%       N/A       1%          1
f - Poisonous Vapours     Pois/Air       100%       N/A       1%          2
g - Inner Flame           Hex/Fire       77%        N/A       1%          3
h - Summon Lightning Spi  Summ/Air       77%        N/A       1%          4
i - Petrify               Tmut/Erth      77%        N/A       1%          4
j - Lightning Bolt        Conj/Air       38%        1d57      1%          5
k - Simulacrum            Ice/Necr       38%        N/A       5%          6
l - Iron Shot             Conj/Erth      38%        9d8       5%          6
m - Starburst             Conj/Fire      38%        6d11      5%          6
Your spell library was empty.

Dungeon Overview and Level Annotations

Branches:
Dungeon (15/15)            Temple (1/1) D:5            Lair (6/6) D:9
  Swamp (0/4) Lair:4        Snake (4/4) Lair:2        Slime (0/5) Lair:6
    Orc (2/2) D:12            Elf (0/3) Orc:2        Vaults (0/5) D:13
 Depths (0/4) D:15

Altars:
Ashenzari
Cheibriados
Dithmenos
Elyvilon
Fedhas
Gozag
Hepliaklqana
Kikubaaqudgha
Makhleb
Nemelex Xobeh
Okawaru
Qazlal
Ru
Sif Muna
Trog
Uskayaw
Vehumet
Wu Jian
Xom
Yredelemnul
Zin
The Shining One

Shops:
D:1 =   D:11 =[!   Orc:2 **=[   Snake:1 [(:   Snake:4 [

Portals:
Hell: Lair:6

Annotations:
D:8 2 transporters, Lekart's ghost, novice DrAK
Lair:4 Nessos
Lair:6 1 runed translucent door, Thargor's ghost, journeyman DjFE
Snake:1 Roxanne
Orc:2 2 transporters, Veteran's ghost, journeyman DDFi


Innate Abilities, Weirdness & Mutations

You are immune to sickness and miasma.
You are immune to poison.
Your flesh is very heat resistant. (rF++)
You are vulnerable to cold. (rC-)
You float through the air rather than walking.
You learn spells naturally, not from books.
Your magical power is your life essence.
You have superior vitality. (+4 MHP)


Message History

The salamander tyrant dies!
The bolt of electricity hits the nagaraja!
The bolt of electricity hits the salamander tyrant!
The bolt of electricity misses the guardian serpent.
Your condenser vane has recharged.
There is an open door here.
Your lightning spire shoots out a bolt of lightning at the nagaraja!
The bolt of electricity hits the nagaraja!!
The bolt of electricity hits the guardian serpent!
The salamander tyrant rends the earth beneath you!
The blast of magma engulfs you!! You partially resist.
* * * LOW HITPOINT WARNING * * *
The nagaraja gestures wildly while chanting.
The nagaraja seems to speed up.
The nagaraja blinks!
The salamander tyrant blinks!
A salamander mystic comes into view. It is wielding a +0 quarterstaff.
Your lightning spire looks weaker.
The nagaraja hits your lightning spire with a +0 spear!
The nagaraja grabs your lightning spire.
The nagaraja constricts your lightning spire.
The naga warrior hits your lightning spire with a +0 halberd!!
Your lightning spire is destroyed!
Your lightning spire disappears in a puff of smoke!
The salamander tyrant rends the earth beneath you!
The blast of magma engulfs you!! You partially resist.
* * * LOW HITPOINT WARNING * * *
The salamander mystic points at something and mumbles some strange words.
The nagaraja spits poison at you.
The splash of poison hits you but does no damage.
You resist.
The salamander tyrant calls gouts of flame from the lava!
The flame surge hits you! You resist.
* * * LOW HITPOINT WARNING * * *
As you read the scroll of magic mapping, it crumbles to dust.
You feel momentarily disoriented.
The naga warrior roars a battlecry!
The nagas go into a battle-frenzy!
The salamander tyrant rends the earth beneath you!
The blast of magma engulfs you!! You partially resist.
You die...

###†##***,,,,,,,,** ###NN.#
***,,,,*** ### #####N### ******
####.#######..≈..####***,**
##......##.....N≈....##.,,,*****
.......#.......≈......N#,,,,,,,**
......#........≈........*,,,,,,,*
......#..)...⌠.≈≈§......*,,,,,,,*
.....#.........≈@.......,*,,,,,,,
.....#..........≈.......,*,,,,,,,
.....#....⌠...<.<...⌠...,,,,,,,,,
.....#..................,*,,,,,,,
.....)#.................*,,,,,,,*
.......##....⌠...⌠....##.,,,,,,,*
.........##.........##...,,,,,,,,
...........###...###.....,,,,,,**
#........)....#.#..).....,,,,,**


You could see a naga warrior, a nagaraja (fast, strong, catching breath), 2
salamander tyrants and a salamander mystic (strong).

Vanquished Creatures
  Vashnia (Snake:3)
  Jorgrun (Snake:3)
  The ghost of feta the Brawler, an adept TrFi of Hepliaklqana (Snake:2)
  Kirke (D:14)
  6 nagarajas
  Aizul (Snake:3)
  An ironbound preserver (D:13)
  The ghost of Koecvos the Eclecticist, an adept VSEn of Hepliaklqana (Snake:3)
  2 dire elephants (Lair:6)
  Snorg (Lair:5)
  An ettin (Orc:2)
  Josephine (Lair:4)
  16 naga warriors
  3 ogre magi
  2 salamander tyrants
  4 boulder beetles
  2 centaur warriors
  Fannar (D:11)
  11 anacondas
  9 hydras
  Erica (D:8)
  A tengu warrior (D:14)
  A death yak (Lair:6)
  Urug (Lair:1)
  10 two-headed ogres
  8 shock serpents
  13 naga sharpshooters
  4 skeletal warriors (D:14)
  A sixfirhy (Lair:6)
  3 salamander mystics
  A sea snake (Snake:1)
  5 naga ritualists
  A lindwurm (Lair:6)
  2 wizards
  An orange crystal statue (D:9)
  Pikel (D:3)
  A necromancer (D:15)
  A deep elf pyromancer (D:15)
  10 mana vipers
  2 manticores
  10 cyclopes
  2 oklob plants
  10 ugly things
  10 salamanders
  9 guardian serpents
  42 black mambas
  4 elephants (Lair:4)
  A centaur zombie (D:10)
  15 naga magi
  12 cane toads
  An unseen horror (D:12)
  2 orange demons (Lair:6)
  A gargoyle (D:12)
  8 rime drakes
  Psyche (D:8)
  2 efreet
  A yaktaur (D:11)
  2 tengu conjurers
  An ice devil (Lair:6)
  2 spectral nagas (Snake:3)
  12 komodo dragons
  A hellwing (Lair:6)
  2 polar bears
  2 red devils (Lair:6)
  6 trolls
  12 slime creatures
  5 dream sheep
  9 blink frogs
  2 spectral black mambas (Snake:3)
  4 wyverns
  4 wraiths
  A culicivora (shapeshifter) (D:15)
  2 steam dragons (D:9)
  3 basilisks
  34 yaks
  A hog (D:14)
  6 vampire mosquitoes
  Menkaure (D:4)
  An acid dragon (D:12)
  A warg (Orc:2)
  40 nagas
  27 water moccasins
  A hell hound (Lair:6)
  A guardian serpent simulacrum (Snake:3)
  An ice beast (D:6)
  2 black bears
  12 orc warriors
  2 black mamba simulacra (Snake:3)
  3 wolves
  9 centaurs
  14 ogres
  4 lemures
  Blork the orc (D:4)
  A kobold brigand (D:7)
  15 bullfrogs
  A wyvern skeleton (D:5)
  A hornet simulacrum (D:13)
  2 electric eels (D:12)
  5 howler monkeys
  2 hounds
  2 bullfrog skeletons (D:7)
  11 orc priests
  A jelly (Lair:6)
  A centaur skeleton (D:6)
  5 iguanas
  12 orc wizards
  A scorpion zombie (D:5)
  A hound zombie (D:5)
  A howler monkey zombie (D:9)
  Robin (D:2)
  10 adders
  3 naga simulacra (Snake:3)
  A shadow imp (D:8)
  A white imp (D:6)
  An ufetubus (D:7)
  2 dart slugs
  64 orcs
  4 ball pythons
  5 endoplasms
  2 giant cockroaches
  14 goblins
  7 hobgoblins
  6 jackals (D:3)
  2 quokkas
  8 bats
  10 frilled lizards
  15 kobolds
  5 rats
719 creatures vanquished.

Vanquished Creatures (collateral kills)
  A salamander tyrant (Snake:4)
  2 naga warriors
  2 hydras
  3 anacondas
  A tengu warrior (D:15)
  A centaur warrior (D:15)
  4 two-headed ogres
  2 shock serpents
  2 naga sharpshooters
  An iron troll (Orc:2)
  3 skeletal warriors (D:13)
  A naga ritualist (Snake:1)
  A deep troll (Orc:2)
  2 sea snakes (Snake:1)
  A lindwurm (Lair:3)
  An orc knight (D:15)
  3 mana vipers
  2 orc sorcerers
  3 cyclopes
  A salamander (Snake:1)
  A manticore (D:12)
  5 guardian serpents
  4 black mambas
  3 cane toads
  2 naga magi
  A torpor snail (Lair:2)
  A rime drake (Lair:6)
  5 komodo dragons
  An ice devil (Lair:6)
  2 polar bears
  3 trolls (Orc:2)
  4 blink frogs
  4 slime creatures
  A dream sheep (Lair:2)
  2 wraiths
  A shadow (D:13)
  2 basilisks
  A hog (D:14)
  6 yaks
  Grum (D:8)
  6 vampire mosquitoes
  5 nagas
  A warg (Orc:2)
  A hell hound (Lair:6)
  8 water moccasins
  3 orc warriors (Orc:2)
  8 ogres
  A black bear (Lair:2)
  3 wolves
  A kobold brigand (D:7)
  4 bullfrogs
  4 wights (D:7)
  A centaur zombie (D:8)
  2 jellies (Lair:6)
  An orc priest (Orc:2)
  3 orc wizards
  10 orcs
  4 kobolds (D:7)
153 creatures vanquished.

Vanquished Creatures (others)
  A guardian serpent (Snake:4)
  A blink frog (Lair:6)
  4 humans (D:14)
  A vampire mosquito (D:14)
  An acid dragon (D:13)
  A centaur (D:13)
  71 fungi
  66 plants
  5 toadstools (D:1)
  2 withered plants (Snake:2)
153 creatures vanquished.

Grand Total: 1025 creatures vanquished

Notes
Turn   | Place    | Note
-------+----------+-------------------------------------------
     0 | D:1      | GordonOverkill the Djinni Ice Elementalist began the quest
                  | for the Orb.
     0 | D:1      | Reached XP level 1. HP: 15/15 MP: 0/0
     9 | D:1      | Found a faded altar of an unknown god.
    49 | D:1      | Reached XP level 2. HP: 2/21 MP: 0/0
   651 | D:1      | Found Qiamol's Jewellery Boutique.
   680 | D:1      | Reached XP level 3. HP: 20/25 MP: 0/0
   680 | D:1      | Learned a level 1 spell: Apportation
  1563 | D:2      | Noticed Robin
  1564 | D:2      | Reached skill level 1 in Fighting
  1564 | D:2      | Reached XP level 4. HP: 18/32 MP: 0/0
  1710 | D:2      | Killed Robin
  2889 | D:3      | Reached XP level 5. HP: 34/38 MP: 0/0
  2889 | D:3      | Learned a level 2 spell: Poisonous Vapours
  3809 | D:4      | Noticed Menkaure
  4042 | D:4      | Reached skill level 1 in Throwing
  4465 | D:4      | Reached XP level 6. HP: 34/45 MP: 0/0
  4575 | D:4      | Noticed Blork the orc
  4579 | D:4      | Noticed Pikel
  5730 | D:3      | Killed Pikel
  5731 | D:3      | Reached skill level 5 in Spellcasting
  5731 | D:3      | Reached XP level 7. HP: 32/52 MP: 0/0
  5731 | D:3      | Learned a level 3 spell: Inner Flame
  5972 | D:4      | Killed Blork the orc
  6218 | D:5      | Entered Level 5 of the Dungeon
  6233 | D:5      | Reached XP level 8. HP: 43/58 MP: 0/0
  6244 | D:5      | Found a staircase to the Ecumenical Temple.
  6302 | D:5      | Reached skill level 5 in Fighting
  6483 | Temple   | Entered the Ecumenical Temple
  6748 | Temple   | Became a worshipper of Ashenzari the Shackled
  8236 | D:6      | Reached XP level 9. HP: 61/67 MP: 0/0
  8236 | D:6      | Learned a level 4 spell: Summon Lightning Spire
  9028 | D:7      | Found a stormy altar of Qazlal.
 10608 | D:8      | Noticed Grum
 10609 | D:8      | Noticed Erica
 10613 | D:8      | Killed Erica
 10613 | D:8      | Noticed Psyche
 10614 | D:8      | Reached XP level 10. HP: 69/78 MP: 0/0
 10614 | D:8      | Killed Grum
 10669 | D:7      | Identified the cursed +1 helmet of Ashenzari's Secrets
                  | {Evo, Self} (You took it off Robin on level 2 of the
                  | Dungeon)
 10735 | D:8      | Killed Psyche
 11379 | D:8      | Found a transporter.
 11381 | D:8      | Found a transporter.
 11382 | D:8      | Noticed Lekart's ghost (novice DrAK)
 12021 | D:9      | Noticed an orange crystal statue
 12228 | D:9      | Noticed a komodo dragon
 12233 | D:9      | Killed a komodo dragon
 12234 | D:9      | Reached skill level 10 in Fighting
 12413 | D:9      | Noticed a komodo dragon
 12420 | D:9      | Killed a komodo dragon
 12643 | D:9      | Noticed a komodo dragon
 12648 | D:9      | Killed a komodo dragon
 12714 | D:9      | Found a staircase to the Lair.
 12888 | D:9      | Reached XP level 11. HP: 63/87 MP: 0/0
 12888 | D:9      | Learned a level 4 spell: Petrify
 13099 | D:10     | Entered Level 10 of the Dungeon
 13867 | D:10     | Identified the +1 trident "Ipetujic" {protect, Will+}
 13886 | D:10     | Reached * piety under Ashenzari
 14205 | D:11     | Noticed a cyclops
 14240 | D:11     | Noticed a boulder beetle
 14257 | D:11     | Killed a boulder beetle
 14258 | D:11     | Reached skill level 1 in Maces & Flails
 14518 | D:11     | Killed a cyclops
 14876 | D:11     | Found Lacoj's Antique Armour Shoppe.
 14890 | D:11     | Bought a runed leather armour for 105 gold pieces
 14914 | D:11     | Bought a buckler for 94 gold pieces
 14921 | D:11     | Noticed Fannar
 14967 | D:11     | Killed Fannar
 14968 | D:11     | Reached skill level 1 in Shields
 14968 | D:11     | Reached skill level 1 in Evocations
 15167 | D:11     | Found Suicwer's Distillery.
 15170 | D:11     | Bought a potion of heal wounds for 50 gold pieces
 15170 | D:11     | Bought a potion of heal wounds for 50 gold pieces
 15170 | D:11     | Bought a potion of curing for 30 gold pieces
 15484 | D:11     | Noticed a manticore
 15490 | D:11     | Killed a manticore
 15911 | D:11     | Found Doblim's Jewellery Boutique.
 16195 | Lair:1   | Entered Level 1 of the Lair of Beasts
 16272 | Lair:1   | Reached ** piety under Ashenzari
 16320 | Lair:1   | Noticed Urug
 16350 | Lair:1   | Killed Urug
 16593 | Lair:1   | Noticed an eight-headed hydra
 16610 | Lair:1   | Killed an eight-headed hydra
 16611 | Lair:1   | Reached XP level 12. HP: 88/96 MP: 0/0
 16672 | Lair:1   | Noticed an eight-headed hydra
 16681 | Lair:1   | Killed an eight-headed hydra
 16713 | Lair:1   | Noticed a five-headed hydra
 16719 | Lair:1   | Killed a five-headed hydra
 17050 | Lair:1   | Reached skill level 5 in Maces & Flails
 18237 | Lair:2   | Found a staircase to the Snake Pit.
 18374 | Lair:2   | Reached skill level 1 in Armour
 18761 | Lair:2   | Reached *** piety under Ashenzari
 19522 | Lair:3   | Reached XP level 13. HP: 68/105 MP: 0/0
 19522 | Lair:3   | Learned a level 5 spell: Lightning Bolt
 19694 | Lair:3   | Reached skill level 5 in Armour
 19944 | Lair:3   | Noticed a seven-headed hydra
 19953 | Lair:3   | Killed a seven-headed hydra
 20341 | Lair:3   | Noticed an eight-headed hydra
 20348 | Lair:3   | Killed an eight-headed hydra
 22201 | Lair:4   | Noticed Nessos
 22207 | Lair:4   | Noticed Josephine
 22604 | Lair:4   | Found a staircase to the Swamp.
 23072 | Lair:4   | Killed Josephine
 24388 | Lair:5   | Noticed Snorg
 24395 | Lair:5   | Killed Snorg
 25082 | Lair:6   | Entered Level 6 of the Lair of Beasts
 25173 | Lair:5   | Reached **** piety under Ashenzari
 25397 | Lair:5   | Reached XP level 14. HP: 46/117 MP: 0/0
 25756 | Lair:5   | Reached skill level 10 in Maces & Flails
 26444 | Lair:6   | Noticed Thargor's ghost (journeyman DjFE)
 27782 | Lair:6   | Reached skill level 5 in Evocations
 27843 | Lair:6   | Noticed a dire elephant
 28256 | Lair:6   | Found a runed translucent door.
 28267 | Lair:6   | Noticed a dire elephant
 28279 | Lair:6   | Killed a dire elephant
 28639 | Lair:6   | Reached skill level 5 in Dodging
 28647 | Lair:6   | Killed a dire elephant
 28966 | Lair:6   | Found a burning altar of Makhleb.
 29686 | Lair:6   | Found a staircase to the Slime Pits.
 30166 | Lair:6   | Found a gateway to Hell.
 30476 | D:12     | Reached skill level 10 in Spellcasting
 30798 | D:11     | Bought the ring of Igocu {rC+ Int+3 Slay+3} for 610 gold
                  | pieces
 30963 | D:12     | Reached XP level 15. HP: 91/120 MP: 0/0
 30963 | D:12     | Learned a level 6 spell: Simulacrum
 31744 | D:12     | Found a staircase to the Orcish Mines.
 32686 | D:13     | Noticed an ironbound preserver
 32692 | D:13     | Killed an ironbound preserver
 34183 | D:13     | Identified the +11 hunting sling "Uriav" {flame, rPois rF+
                  | Will- rCorr}
 34361 | D:13     | Found a gate to the Vaults.
 35524 | D:14     | Noticed Kirke
 35528 | D:14     | Killed Kirke
 37087 | D:15     | Entered Level 15 of the Dungeon
 37395 | D:15     | Reached XP level 16. HP: 90/130 MP: 0/0
 37398 | D:15     | Reached skill level 5 in Shields
 37677 | D:15     | Found a staircase to the Depths.
 38352 | D:15     | Reached skill level 15 in Fighting
 39446 | Orc:1    | Entered Level 1 of the Orcish Mines
 39923 | Orc:2    | Entered Level 2 of the Orcish Mines
 40725 | Orc:2    | Found Idorgh's Assorted Antiques.
 40726 | Orc:2    | Found Goigrulu's Assorted Antiques.
 40726 | Orc:2    | Found a staircase to the Elven Halls.
 41765 | Orc:2    | Found Caompomn's Jewellery Shop.
 41811 | Orc:2    | Found Epriw's Antique Armour Emporium.
 41914 | Orc:2    | Noticed Veteran's ghost (journeyman DDFi)
 41917 | Orc:2    | Found a bloodstained altar of Trog.
 41927 | Orc:2    | Found a transporter.
 41932 | Orc:2    | Found a transporter.
 42406 | Snake:1  | Entered Level 1 of the Snake Pit
 42411 | Snake:1  | Reached skill level 10 in Shields
 43395 | Snake:1  | Reached XP level 17. HP: 52/139 MP: 0/0
 43395 | Snake:1  | Learned a level 6 spell: Iron Shot
 44232 | Snake:1  | HP: 5/139 [constriction (3)]
 44984 | Snake:1  | Found Veic's Book Emporium.
 44988 | Snake:1  | Found Gask's Weapon Shoppe.
 44989 | Snake:1  | Found Taigaept's Antique Armour Emporium.
 44996 | Snake:1  | Bought a heavily runed leather armour for 224 gold pieces
 44996 | Snake:1  | Identified the +3 leather armour of Zeenie {-Cast rElec
                  | rCorr SInv} (You bought it in a shop on level 1 of the
                  | Snake Pit)
 44996 | Snake:1  | Bought a faintly humming leather armour for 224 gold pieces
 44996 | Snake:1  | Identified the +0 leather armour "Gierusu" {SInv} (You
                  | bought it in a shop on level 1 of the Snake Pit)
 44996 | Snake:1  | Bought an opalescent robe for 182 gold pieces
 44996 | Snake:1  | Identified the +2 robe of the Arcane {Will+} (You bought it
                  | in a shop on level 1 of the Snake Pit)
 44996 | Snake:1  | Bought a polished scale mail for 288 gold pieces
 44996 | Snake:1  | Identified the +1 scale mail "Qunuc Vep" {Dex+5} (You
                  | bought it in a shop on level 1 of the Snake Pit)
 45257 | Snake:1  | Noticed Roxanne
 47178 | Snake:1  | Reached skill level 10 in Armour
 47723 | Lair:2   | HP: 6/138 [something (5)]
 48474 | Snake:1  | Upgraded the game from 0.28-a0-1613-gdaab1c2f9b to
                  | 0.28-a0-1616-g050a50673c
 48522 | Snake:2  | Found a runed translucent door.
 48941 | Snake:2  | Noticed feta's ghost (adept TrFi)
 52067 | Snake:2  | Killed feta's ghost
 53336 | Snake:3  | Reached XP level 18. HP: 141/147 MP: 0/0
 54012 | Snake:3  | Noticed Aizul
 54023 | Snake:3  | Killed Aizul
 54838 | Snake:3  | Noticed Vashnia
 55714 | Snake:3  | Noticed Jorgrun
 55823 | Snake:3  | Killed Jorgrun
 57350 | Snake:3  | Killed Vashnia
 58317 | D:4      | Killed Menkaure
 58378 | D:1      | Bought an amulet of reflection for 330 gold pieces
 58478 | D:4      | Reached ***** piety under Ashenzari
 59376 | Snake:3  | Noticed Koecvos's ghost (adept VSEn)
 59377 | Snake:3  | Found a runed translucent gate.
 59377 | Snake:3  | Found a runed translucent gate.
 59377 | Snake:3  | Found a runed translucent gate.
 59689 | Snake:3  | Found a runed translucent gate.
 59689 | Snake:3  | Found a runed translucent gate.
 59689 | Snake:3  | Found a runed translucent gate.
 60020 | Snake:3  | Killed Koecvos's ghost
 60211 | Snake:4  | Entered Level 4 of the Snake Pit
 60279 | Snake:4  | Found Tuuweu's Antique Armour Emporium.
 60283 | Snake:4  | Bought a glowing helmet for 240 gold pieces
 61236 | Snake:4  | Reached skill level 15 in Shields
 61945 | Snake:4  | Identified 2 scrolls of acquirement
 62746 | Snake:4  | Reached XP level 19. HP: 37/151 MP: 0/0
 62746 | Snake:4  | Learned a level 6 spell: Starburst
 63651 | Snake:4  | Killed from afar by a salamander tyrant

Illustrated notes

Levels and vault maps discovered:
D:1:      minmay_arrival_semitransparent, layout_loops_ring, serial_shops,
          nicolae_shop_crystal, shapermc_ecumenical_altar_acropolis,
          corexii_item_surrounded_by_moat, minmay_gold_behind_fungi
D:2:      layout_basic, minmay_misc_feat_enclosed, uniq_robin
D:3:      layout_basic, chequers_serial_rivers_room_b, bh_walls_and_bars
D:4:      layout_gridville, minmay_lizard_king, uniq_menkaure,
          uniq_blork_the_orc, uniq_pikel
D:5:      layout_rooms, minmay_temple_entry_mini_moons
D:6:      layout_layer_cave, minmay_misc_feat_hallway
D:7:      layout_loops_corners, general_overflow_altar
D:8:      layout_rooms, gammafunk_ghost_hive, uniq_erica, uniq_grum, uniq_psyche
D:9:      layout_rooms, erik_lair_dragon, minmay_protected_statue
D:10:     layout_gridville, special_room [special_room_orc]
D:11:     layout_irregular_city, serial_shops, nicolae_lakefront_shop,
          kennysheep_mini, nicolae_shop_window_shopping, uniq_fannar
D:12:     layout_basic, david_orc_2
D:13:     layout_rooms, skrybe_vaults_entry_preservation, item_on_display_a
D:14:     layout_roguey, uniq_kirke
D:15:     hangedman_depths_entry_civil_slaughter, layout_basic
Temple:   mainiacjoe_temple_hex_bubbles
Lair:1:   layout_concentric_octagons, grunt_megastairs_2, lemuel_fruit_tree,
          uniq_urug
Lair:2:   layout_chaotic_city, minmay_snake_entry_spellcaster
Lair:3:   layout_roguey
Lair:4:   layout_gridlike, swamp_mist, uniq_josephine, uniq_nessos
Lair:5:   layout_cave_pods, serial_bayou_shore_b, infiniplex_staircase_pool,
          uniq_snorg
Lair:6:   evil_forest, layout_loops_ring, minmay_slime_entry_pillars,
          hellmonk_ghost_happy_afterlife, minmay_lair_oklob_bushes,
          serial_bayou_shore_b
Snake:1:  nicolae_snake_attic_fulla_snakes, layout_onion, minmay_shop_star,
          uniq_roxanne
Snake:2:  layout_onion, gammafunk_ghost_grave, nicolae_snake_gridmaze_zigzag
Snake:3:  layout_misc_corridors, gammafunk_ghost_necromancy, uniq_aizul,
          uniq_jorgrun, uniq_vashnia
Snake:4:  snake_hunt, layout_basic, serial_shops, nicolae_shop_hallway_stairs
Orc:1:    layout_caves
Orc:2:    st_orc_open, layout_caves, gammafunk_ghost_wrathful_warriors

Skill      XL: |  1  2  3  4  5  6  7  8  9 10 11 12 13 14 15 16 17 18 19 |
---------------+----------------------------------------------------------+-----
Stealth        | 2 |  2.1
Dodging        | 3 6 7 |  7.4
Fighting       | 1 2 4 6 8 10 11 12 14 15 16 | 16.8
Spellcasting   | 4 5 6 7 9 10 | 10.1
Throwing       | 1 2 |  2.0
Maces & Flails | 3 7 9 11 | 11.6
Shields        | 2 4 11 12 15 16 | 16.2
Evocations     | 3 4 6 7 |  7.7
Armour         | 4 8 9 11 | 11.6

Action                   |  1- 3 |  4- 6 |  7- 9 | 10-12 | 13-15 | 16-18 | 19-21 || total
-------------------------+-------+-------+-------+-------+-------+-------+-------++-------
Melee: Dagger            |     8 |    25 |    18 |    17 |       |       |       ||    68
       Whip              |       |       |    43 |    26 |    36 |    38 |       ||   143
       Punch             |       |       |     3 |     1 |       |       |       ||     4
       Trident           |       |       |     2 |       |       |       |       ||     2
 Cast: Freeze            |    49 |    61 |    27 |    69 |    29 |    41 |       ||   276
       Frozen Ramparts   |     2 |    10 |    18 |    30 |    40 |    32 |     1 ||   133
       Ozocubu's Armour  |       |     3 |    18 |    18 |    18 |     5 |       ||    62
       Poisonous Vapours |       |     1 |     5 |    16 |    17 |     2 |       ||    41
       Hailstorm         |       |       |     7 |   101 |    81 |    42 |     2 ||   233
       Summon Lightning  |       |       |     6 |    29 |    99 |    71 |     7 ||   212
       Petrify           |       |       |       |     6 |     7 |     1 |       ||    14
       Lightning Bolt    |       |       |       |       |   303 |   199 |       ||   502
       Simulacrum        |       |       |       |       |     1 |    22 |       ||    23
       Iron Shot         |       |       |       |       |       |   348 |    16 ||   364
Invok: Curse Item        |       |       |     1 |     3 |     2 |     3 |       ||     9
       Shatter the Chain |       |       |       |       |     1 |     2 |       ||     3
Evoke: Wand              |       |       |     5 |    10 |     8 |    17 |       ||    40
       Condenser vane    |       |       |       |       |       |     3 |       ||     3
  Use: Scroll            |       |     6 |    10 |     5 |     2 |    13 |     1 ||    37
       Potion            |       |       |     3 |    10 |       |     8 |       ||    21
 Stab: Sleeping          |     3 |     3 |     1 |       |     1 |       |       ||     8
       Petrified         |       |       |       |     2 |     8 |       |       ||    10
       Invisible         |       |       |       |     1 |       |       |       ||     1
       Distracted        |       |       |       |       |     1 |       |       ||     1
       Paralysed         |       |       |       |       |     7 |     1 |       ||     8
       Petrifying        |       |       |       |       |     2 |       |       ||     2
Armor: Robe              |     6 |    16 |    49 |    69 |    49 |    38 |     2 ||   229
Dodge: Dodged            |    31 |    34 |    61 |    94 |   116 |   154 |     2 ||   492
Block: Buckler           |       |       |       |     3 |    32 |    36 |       ||    71
       Kite shield       |       |       |       |       |       |    49 |       ||    49
       Tower shield      |       |       |       |       |       |   203 |    10 ||   213
       Reflection        |       |       |       |       |       |    28 |     5 ||    33

Table legend: (Time is in decaauts)
 A = Elapsed time spent in this place.
 B = Non-inter-level travel time spent in this place.
 C = Inter-level travel time spent in this place.
 D = Time resting spent in this place.
 E = Time spent auto-exploring this place.
 F = Levels seen in this place.
 G = Mean time per level.
                   A        B        C        D        E       F      G
               +--------+--------+--------+--------+--------+-----+--------+
         Total |  63684 |  60892 |   2792 |  35856 |  17856 |  28 | 2274.4 |
       Dungeon |  26131 |  24488 |   1643 |  12011 |   9321 |  15 | 1742.1 |
        Temple |    279 |    267 |     12 |      0 |    226 |   1 |  279.0 |
          Lair |  16874 |  16363 |    511 |  10644 |   4242 |   6 | 2812.3 |
     Snake Pit |  17624 |  17018 |    606 |  11640 |   3205 |   4 | 4406.0 |
  Orcish Mines |   2774 |   2755 |     19 |   1561 |    862 |   2 | 1387.0 |
               +--------+--------+--------+--------+--------+-----+--------+

Top non-repeatable levels by time:
 Snake:2: 6953 daAuts
 Snake:1: 4502 daAuts
  Lair:5: 4199 daAuts
  Lair:2: 3935 daAuts
 Snake:3: 3698 daAuts
    D:12: 2662 daAuts
  Lair:6: 2547 daAuts
    D:14: 2475 daAuts
 Snake:4: 2470 daAuts
    D:11: 2370 daAuts
     D:3: 2334 daAuts
   Orc:2: 2292 daAuts
     D:9: 2190 daAuts
  Lair:3: 2131 daAuts
  Lair:4: 2045 daAuts
